 Dungeon Crawl Stone Soup version 0.28-a0-381-g937acc2988 (webtiles) character file.

Game seed: 15418914843604054570

5 hatdisgam the Sneak (level 1, -2/11 HPs)
             Began as a Spriggan Delver on Sept 2, 2021.
             Frozen to death by an endoplasm (5 damage)
             ... on level 3 of the Dungeon.
             The game lasted 00:00:52 (345 turns).

hatdisgam the Sneak (Spriggan Delver)                Turns: 345, Time: 00:00:53

Health: -2/11      AC:  2    Str:  8    XL:     1   Next: 66%
Magic:  2/2        EV: 17    Int: 11    God:
Gold:   36         SH:  0    Dex: 16    Spells: 0/0 levels left

rFire   . . .      SeeInvis +   a - +0 short sword
rCold   . . .      Faith    .   (shield restricted)
rNeg    . . .      Spirit   .   b - +0 robe
rPois   .          Reflect  .   (helmet restricted)
rElec   .          Harm     .   (no cloak)
rCorr   .          Rampage  .   (gloves unavailable)
Will    .....                   (boots unavailable)
Stlth   ++++......              (no amulet)
HPRegen 0.03/turn               (no ring)
MPRegen 0.08/turn               (no ring)

@: very quick
A: very small, no large weapons, unfitting armour, see invisible, speed 3
a: no special abilities


You were on level 3 of the Dungeon.
You visited 1 branch of the dungeon, and saw 4 of its levels.

You collected 36 gold pieces.

Inventory:

Hand Weapons
 a - a +0 short sword (weapon)
Armour
 b - a +0 robe (worn)
Wands
 g - a wand of digging (3)
Scrolls
 c - 2 scrolls of fog
 d - a scroll of magic mapping
 e - a scroll of fear
 h - a scroll of enchant weapon {unknown}
Potions
 f - a potion of haste


   Skills:
 - Level 2.4 Fighting
 * Level 2.5 Short Blades
 + Level 2.9 Dodging
 + Level 7.3 Stealth


You couldn't memorise any spells.
You didn't know any spells.
Your spell library was empty.

Dungeon Overview and Level Annotations

Branches:
Dungeon (5/15)
 Temple: D:4-7

Altars:


Innate Abilities, Weirdness & Mutations

You are very small and have problems with some larger weapons.
You are too small for most types of armour.
You have supernaturally acute eyesight. (SInv)
You cover ground extremely quickly. (Speed+++)


Message History

There is a stone staircase leading down here.
You climb downwards.
The goblin barely misses you. The goblin closely misses you.
There is a stone staircase leading up here.
Unknown command.
You hit the goblin.
The goblin is severely wounded.
The goblin barely misses you.
You completely miss the goblin.
The goblin is severely wounded.
The goblin hits you with a +0 dagger.
The endoplasm quivers.
You hit the goblin.
You kill the goblin!
No target in view!
No target in view!
You start resting.
An endoplasm is nearby!
You hit the endoplasm.
The endoplasm is severely wounded.
The endoplasm freezes you.
You are frozen.
* * * LOW HITPOINT WARNING * * *
You are too injured to fight recklessly!
You are too injured to fight recklessly!
You hit the endoplasm.
You kill the endoplasm!
You start resting.
A rat is nearby!
You start resting.
An endoplasm comes into view.
An endoplasm is nearby!
There is a stone staircase leading up, spattered with blood here.
There is a stone staircase leading up, spattered with blood here.
The endoplasm quivers.
The endoplasm jiggles.
You hit the endoplasm but do no damage. The endoplasm freezes you.
You are frozen.
You die...

.........## ##....#
....>.....######...#
..........##.....).#
.............##....#
..........#####....#
..............#....#
.........####......#
#J)....#######
#@.....# #......#
.............#
#............#
......#...^..#
......#......#
......######## .....
.....


You could see an endoplasm.

Vanquished Creatures
  An endoplasm (D:3)
  2 goblins
  A frilled lizard (D:2)
  A kobold (D:3)
5 creatures vanquished.

Notes
Turn   | Place    | Note
-------+----------+-------------------------------------------
     0 | D:5      | hatdisgam the Spriggan Delver began the quest for the Orb.
     0 | D:5      | Reached XP level 1. HP: 11/11 MP: 2/2
   345 | D:3      | Frozen to death by an endoplasm

Illustrated notes

Levels and vault maps discovered:
D:2:      layout_loops_ring, serial_forest, infiniplex_forest_straight_3,
          infiniplex_forest_clump_small, infiniplex_forest_lined_2,
          infiniplex_forest_straight_1, infiniplex_forest_clump_curved,
          serial_shops, nicolae_diamond_shop
D:3:      layout_rooms, nicolae_wu_jian_glorious_leap
D:4:      layout_rooms
D:5:      layout_basic, mainiacjoe_overflow_24_doors,
          nicolae_ru_great_annihilating_truth, lemuel_round_altar, slow_altar_2,
          minmay_temple_entry_large_hall, serial_co_window_serial,
          co_window_corner_a, co_window_paths_a, co_window_of_opportunity_a,
          co_window_paths_a, co_window_corner_a, co_window_cross_3,
          co_window_2corner, co_window_paths_c, co_window_of_opportunity_c,
          co_window_corner_b, co_window_corner_ca, co_window_paths_e,
          co_window_paths_d, glass_columns_c

Action                   || total
-------------------------++-------
Melee: Short sword       ||    15
 Stab: Sleeping          ||     1
Dodge: Dodged            ||     9

Table legend: (Time is in decaauts)
 A = Elapsed time spent in this place.
 B = Non-inter-level travel time spent in this place.
 C = Inter-level travel time spent in this place.
 D = Time resting spent in this place.
 E = Time spent auto-exploring this place.
 F = Levels seen in this place.
 G = Mean time per level.
                   A        B        C        D        E       F      G
               +--------+--------+--------+--------+--------+-----+--------+
         Total |    289 |    289 |      0 |    176 |     37 |   4 |   72.2 |
       Dungeon |    289 |    289 |      0 |    176 |     37 |   4 |   72.2 |
               +--------+--------+--------+--------+--------+-----+--------+

Top non-repeatable levels by time:
     D:3: 200 daAuts
     D:2: 55 daAuts
     D:4: 17 daAuts
     D:5: 16 daAuts
